 Dungeon Crawl Stone Soup version 0.31-a0-239-g0a1456f148 (webtiles) character file.

Game seed: 8210147444098071869

619 qw the Shooter (level 7, -5/44 HPs)
             Began as a Gargoyle Hexslinger on July 11, 2023.
             Slain by an iguana (11 damage)
             ... on level 5 of the Dungeon.
             The game lasted 00:01:33 (2940 turns).

qw the Shooter (Gargoyle Hexslinger)                Turns: 2940, Time: 00:01:33

Health: -5/44      AC: 11    Str: 11    XL:     7   Next: 46%
Magic:  8/8        EV: 10    Int: 14    God:
Gold:   220        SH:  0    Dex: 14    Spells: 7/8 levels left

rFire   . . .        Y - +1 sling
rCold   . . .        (no shield)
rNeg    + . .        l - +0 ring mail
rPois   inf          (helmet restricted)
rElec   +            (no cloak)
rCorr   .            (no gloves)
SInv    .            j - +0 pair of boots
Will    .....        d - amulet of regeneration
Stlth   +            (no ring)
HPRegen 1.07/turn    (no ring)
MPRegen 0.11/turn

%: no passive effects
@: no status effects
A: sickness immunity, AC +4, negative energy resistance 1, electricity
resistance, torment resistance 1, petrification resistance, horns 1, evolution 1
a: no special abilities


You were on level 5 of the Dungeon.
You visited 1 branch of the dungeon, and saw 5 of its levels.

You collected 220 gold pieces.


Innate Abilities, Weirdness & Mutations

You are immune to sickness and miasma.
Your stone body is resilient. (AC +4)
You are immune to poison.
You resist negative energy. (rN+)
You are resistant to electric shocks. (rElec)
You are resistant to unholy torment.
You are immune to petrification.
You have a pair of small horns on your head.
You have hidden genetic potential.


   Skills:
 - Level 4.7 Fighting
 + Level 6.6 Ranged Weapons
 - Level 1.1 Armour
 - Level 1.5 Dodging
 - Level 1.0 Spellcasting
 - Level 2.6 Hexes


You had 7 spell levels left.
You knew the following spells:

 Your Spells              Type           Power      Damage    Failure   Level
a - Slow                  Hex            32%        N/A       21%         1

Your spell library contained the following spells:

 Spells                   Type           Power      Damage    Failure   Level
 Inner Flame              Hex/Fire       4%         N/A       71%         3
 Portal Projectile        Hex/Tloc       8%         N/A       71%         3
 Cause Fear               Hex            4%         N/A       90%         4

Inventory:

Hand Weapons
 Y - a +1 sling (weapon)
Armour
 j - a +0 pair of boots (worn)
 l - a +0 ring mail (worn)
Jewellery
 d - an amulet of regeneration (around neck)
Potions
 a - a potion of curing {unknown}
 e - a potion of enlightenment {unknown}
 f - a potion of mutation
 h - a potion of brilliance {unknown}
 k - a potion of cancellation {unknown}

Dungeon Overview and Level Annotations

Branches:
Dungeon (5/15)
 Temple: D:4-7

Altars:
Elyvilon

Shops:
D:3 =


Message History

2927 ||| DRINKING 3 potions of heal wounds.
You feel much better. The ogre closely misses you.
You shoot a sling bullet.
The sling bullet completely misses the ogre.
You shoot a sling bullet. The sling bullet hits the ogre.
The ogre is severely wounded.
The ogre completely misses you.
You shoot a sling bullet.
The sling bullet barely misses the ogre.
The ogre hits you with a +0 giant club!
2931 ||| DRINKING 2 potions of heal wounds.
You feel much better. The ogre hits you with a +0 giant club.
You shoot a sling bullet. The sling bullet hits the ogre.
The ogre is almost dead.
The ogre hits you with a +0 giant club!
2933 ||| DRINKING potion of heal wounds.
You feel much better.
You shoot a sling bullet.
The sling bullet barely misses the ogre.
The ogre hits you with a +0 giant club.
You shoot a sling bullet.
The sling bullet barely misses the ogre.
The ogre hits you with a +0 giant club.
You shoot a sling bullet.
The sling bullet barely misses the ogre.
The ogre hits you with a +0 giant club!!
Ouch! That really hurt!
You shoot a sling bullet.
The sling bullet barely misses the ogre.
You shoot a sling bullet. The sling bullet hits the ogre.
The ogre is almost dead.
The ogre closely misses you.
You shoot a sling bullet. The sling bullet hits the ogre!
You kill the ogre!
You shoot a sling bullet.
The sling bullet barely misses the iguana.
The iguana bites you!
You die...

.....# .....
.... ... ..
.# ###l#
#.@.# #.###
###.# #...#
########<###
......##.#
#....#
#...## #..##


You could see an iguana.

Vanquished Creatures
  Grinder (D:4)
  A black bear (D:4)
  An ogre (D:5)
  A scorpion (D:4)
  Ijyb (D:4)
  2 gnolls (D:5)
  7 adders
  2 dart slugs (D:1)
  An orc (D:5)
  2 ball pythons (D:3)
  4 endoplasms
  5 giant cockroaches
  4 goblins
  13 hobgoblins
  8 jackals
  10 kobolds
  7 quokkas
  5 bats
  A frilled lizard (D:1)
  3 rats
79 creatures vanquished.

Notes
Turn   | Place    | Note
-------+----------+-------------------------------------------
     0 | D:1      | qw the Gargoyle Hexslinger began the quest for the Orb.
     0 | D:1      | Reached XP level 1. HP: 12/12 MP: 2/2
     0 | D:1      | 0 ||| qw: Version: 0.3-a-52-g30416fa
     0 | D:1      | 0 ||| qw: Game counter: 5898
     0 | D:1      | 0 ||| qw: Melee chars always use a shield: true
     0 | D:1      | 0 ||| qw: God list: Okawaru
     0 | D:1      | 0 ||| qw: Allow faded altars: false
     0 | D:1      | 0 ||| qw: Do Orc after clearing Dungeon:15 true
     0 | D:1      | 0 ||| qw: Do second Lair branch before Depths: true
     0 | D:1      | 0 ||| qw: Lair rune preference: random
     0 | D:1      | 0 ||| qw: Goals: Normal
     0 | D:1      | 0 ||| PLANNING D:1-11
   199 | D:1      | Reached XP level 2. HP: 16/16 MP: 3/3
   342 | D:1      | Reached skill level 3 in Ranged Weapons
   521 | D:1      | Reached XP level 3. HP: 21/21 MP: 4/4
   587 | D:1      | 587 ||| FLEEEEING.
  1020 | D:1      | 1020 ||| UPGRADING to +0 leather armour.
  1030 | D:1      | 1030 ||| DROPPING +0 robe.
  1031 | D:1      | 1031 ||| UPGRADING to amulet of regeneration.
  1036 | D:1      | 1036 ||| READING scroll labelled JOWUCR JINI.
  1037 | D:1      | 1037 ||| DRINKING 4 black potions.
  1038 | D:1      | 1038 ||| DROPPING scroll of poison.
  1476 | D:2      | Reached XP level 4. HP: 26/26 MP: 5/5
  1551 | D:2      | Found a white marble altar of Elyvilon.
  1655 | D:2      | 1655 ||| UPGRADING to +0 helmet.
  1660 | D:2      | 1660 ||| UPGRADING to +0 ring mail.
  1670 | D:2      | 1670 ||| DROPPING +0 leather armour.
  1671 | D:2      | 1671 ||| READING scroll labelled EWEADORINYA.
  1676 | D:2      | 1676 ||| READING scroll labelled CALUGG LOCHU.
  1677 | D:2      | 1677 ||| READING scroll labelled UDAQURUTRA.
  1678 | D:2      | 1678 ||| READING scroll labelled YSHREA UPHOCZI.
  1679 | D:2      | 1679 ||| READING scroll labelled ATHROOH POSKAU.
  1680 | D:2      | 1680 ||| DRINKING 2 inky potions.
  1681 | D:2      | 1681 ||| DROPPING potion of degeneration.
  1717 | D:3      | 1717 ||| STAIRDANCE
  1754 | D:3      | Reached skill level 1 in Armour
  1761 | D:3      | Reached skill level 4 in Ranged Weapons
  1823 | D:3      | Found Gor Oxkuz's Jewellery Boutique.
  1828 | D:3      | 1828 ||| SHOPLISTING amulet of reflection (360 gold, have
                  | 136).
  1828 | D:3      | 1828 ||| SHOPLISTING ring of fire (300 gold, have 136).
  1828 | D:3      | 1828 ||| SHOPLISTING ring of see invisible (180 gold, have
                  | 136).
  1828 | D:3      | 1828 ||| SHOPLISTING ring of willpower (300 gold, have
                  | 136).
  1878 | D:3      | Reached XP level 5. HP: 29/30 MP: 6/6
  2182 | D:3      | 2182 ||| READING 2 scrolls labelled ELILEC IKKODGH.
  2183 | D:3      | 2183 ||| READING scroll labelled EMNAPH ISASIAS.
  2188 | D:3      | 2188 ||| READING scroll labelled ECZEYG ULAFFO.
  2289 | D:3      | 2289 ||| DRINKING 2 murky puce potions.
  2289 | D:3      | Gained mutation: You have hidden genetic potential. [potion
                  | of mutation]
  2290 | D:3      | 2290 ||| DROPPING scroll of immolation.
  2364 | D:4      | Reached skill level 5 in Ranged Weapons
  2374 | D:4      | Noticed Grinder
  2381 | D:4      | Paralysed by Grinder for 3 turns
  2396 | D:4      | Paralysed by Grinder for 2 turns
  2405 | D:4      | Killed Grinder
  2406 | D:4      | Reached XP level 6. HP: 30/39 MP: 7/7
  2413 | D:4      | Gained mutation: You have a pair of small horns on your
                  | head. [hidden potential]
  2480 | D:4      | Noticed Ijyb
  2502 | D:4      | Killed Ijyb
  2652 | D:4      | Noticed a black bear
  2660 | D:4      | Killed a black bear
  2661 | D:4      | Reached skill level 6 in Ranged Weapons
  2661 | D:4      | Reached XP level 7. HP: 38/44 MP: 8/8
  2832 | D:4      | 2832 ||| DROPPING +0 helmet.
  2833 | D:4      | 2833 ||| UPGRADING to +0 pair of boots.
  2838 | D:4      | 2838 ||| READING scroll labelled SUACWI XYIMUXOYM.
  2839 | D:4      | 2839 ||| READING 2 scrolls labelled IDORRO QOSAFUI.
  2840 | D:4      | 2840 ||| DROPPING scroll of noise.
  2865 | D:5      | Entered Level 5 of the Dungeon
  2926 | D:5      | HP: 7/44 [ogre/+0 giant club (28)]
  2927 | D:5      | 2927 ||| DRINKING 3 potions of heal wounds.
  2931 | D:5      | 2931 ||| DRINKING 2 potions of heal wounds.
  2932 | D:5      | HP: 11/44 [ogre/+0 giant club (15)]
  2933 | D:5      | 2933 ||| DRINKING potion of heal wounds.
  2936 | D:5      | HP: 1/44 [ogre/+0 giant club (29)]
  2940 | D:5      | Slain by an iguana

Levels and vault maps discovered:
D:1:      minmay_arrival_shoal_huts, layout_loops_corners
D:2:      layout_loops_ring, basic_altar, minmay_bisected
D:3:      layout_rooms, serial_shops, nicolae_shop_gaudy_bauble
D:4:      layout_basic, uniq_grinder, uniq_ijyb
D:5:      layout_rooms, corexii_corridor_pit, dreamdust_gnoll_farm

Skill      XL: |  1  2  3  4  5  6 |
---------------+-------------------+-----
Ranged Weapons | 3 4 5 6 |  6.6
Fighting       | 2 4 |  4.7
Armour         | 1 |  1.1
Dodging        | |  1.5
Spellcasting   | |  1.0
Hexes          | |  2.6

Action                     |  1- 3 |  4- 6 |  7- 9 || total
---------------------------+-------+-------+-------++-------
   Fire: Sling             |   164 |   204 |    30 ||   398
    Use: Scroll            |     1 |     8 |     2 ||    11
         Potion            |     1 |     2 |     3 ||     6
 Armour: Robe              |    24 |       |       ||    24
         Leather armour    |    19 |     2 |       ||    21
         Ring mail         |       |    86 |     5 ||    91
  Dodge: Dodged            |    68 |   110 |    11 ||   189

Table legend:
 A = Non-vault XP
 B = Vault XP
 C = Vault XP percentage of total XP
 D = Non-vault monster count
 E = Vault monster count
 F = Vault count percentage of total count
                 A         B        C        D         E       F
            +---------+---------+-------+---------+---------+-------
      Total |     533 |     352 |  39.8 |      74 |       5 |   6.3
            +---------+---------+-------+---------+---------+-------
        D:1 |      50 |       0 |   0.0 |      25 |       0 |   0.0
        D:2 |      39 |       1 |   2.5 |      22 |       1 |   4.3
        D:3 |     104 |       0 |   0.0 |      18 |       0 |   0.0
        D:4 |     228 |     322 |  58.5 |       7 |       2 |  22.2
        D:5 |     112 |      29 |  20.6 |       2 |       2 |  50.0
            +---------+---------+-------+---------+---------+-------
